 Dungeon Crawl Stone Soup version 0.17-a0-2215-g49c1de0 (webtiles) character file.

2256 4thArraOfDagon the Cleaver (level 9, -4/81 HPs)
             Began as a Deep Dwarf Berserker on Oct 27, 2015.
             Was a Follower of Trog.
             Slain by a trapdoor spider (9 damage)
             ... on level 10 of the Dungeon.
             The game lasted 00:07:52 (1251 turns).

4thArraOfDagon the Cleaver (Deep Dwarf Berserker)   Turns: 1251, Time: 00:07:53

Health: -4/81      AC:  7    Str: 24    XL:     9   Next: 15%
Magic:  13/13      EV: 11    Int:  8    God:    Trog [*.....]
Gold:   111        SH:  0    Dex: 12    Spells: 0 memorised, 8 levels left

rFire  . . .     SeeInvis .     j - +1 hand axe (elec)
rCold  . . .     Clarity  .     a - +0 scale mail
rNeg   . . .     SustAt   .     (no shield)
rPois  .         Gourm    .     (no helmet)
rElec  .         Spirit   .     (no cloak)
rCorr  .         Warding  .     (no gloves)
rMut   .         Stasis   .     (no boots)
MR     +....                    (no amulet)
Stlth  ..........               (no ring)
                                (no ring)

@: lethally poisoned (-4 -> -4), non-regenerating, somewhat resistant to hostile
enchantments, extremely unstealthy
A: damage resistance, recharge devices, sense surroundings 2, slow regeneration
3
a: Device Recharging, Berserk, Burn Spellbooks, Renounce Religion


You were on level 10 of the Dungeon.
You worshipped Trog.
Trog was aware of your devotion.
You were not hungry.

You visited 1 branch of the dungeon, and saw 10 of its levels.

You collected 193 gold pieces.
You spent 82 gold pieces at shops.

Inventory:

Hand Weapons
 j - a +1 hand axe of electrocution (weapon)
Armour
 a - a +0 scale mail (worn)
Wands
 c - a wand of heal wounds (2)
 k - a wand of fire (4)
 o - a wand of slowing (18)
 r - a wand of frost (36)
 s - a wand of teleportation (0)
 t - a wand of digging (15)
Scrolls
 b - a scroll of random uselessness {unknown}
 e - 2 scrolls of teleportation {unknown}
 f - a scroll of magic mapping {unknown}
 g - 2 scrolls of enchant armour {unknown}
 h - a scroll of recharging {unknown}
 i - 2 scrolls of immolation {unknown}
 p - a scroll of enchant weapon {unknown}
 u - a scroll of blinking
Potions
 l - a potion of cancellation {unknown}
 m - 2 potions of curing {unknown}
 n - 2 potions of brilliance
Books
 q - a book of Death

   Spells                             Type                      Level
   a - Corpse Rot                     Necromancy                   2
   b - Sublimation of Blood           Necromancy                   2
   c - Agony                          Necromancy                   5
   d - Dispel Undead                  Necromancy                   5
   e - Excruciating Wounds            Charms/Necromancy            5
   f - Bolt of Draining               Conjuration/Necromancy       5
   Trog disapproves of the use of such an item.
Comestibles
 d - 2 bread rations


   Skills:
 + Level 5.5 Fighting
 * Level 9.2 Axes
 + Level 6.2 Armour
 - Level 2.1 Dodging
 + Level 6.9 Evocations


You had 8 spell levels left.
You didn't know any spells.

Dungeon Overview and Level Annotations

Branches:
Dungeon (10/15)
 Temple: D:4-7         Lair: D:8-11         Orc: D:9-12

Altars:
Ashenzari

Shops:
D:7 ?

Annotations:
D:9 emiel's ghost, novice MiGl


Innate Abilities, Weirdness & Mutations

You are resistant to damage.
You can recharge devices by infusing magical energy.
You passively map the area around you.
You do not regenerate naturally.


Message History

* * * LOW HITPOINT WARNING * * *
There is a stone staircase leading up here.
Unknown command.
Evoke which item? (* to show all) (? for menu, Esc to quit)
Zapping:
c - a wand of heal wounds (1)
Press: ? - help, Shift-Dir - straight line, f - you You feel much better.
This wand has 0 charges left.
The trapdoor spider bites you. The trapdoor spider bites you!
* * * LOW HITPOINT WARNING * * *
You are poisoned.
The trapdoor spider poisons you!
Unknown command.
You fail to use your ability.
The trapdoor spider bites you!
* * * LOW HITPOINT WARNING * * *
Charge which item? (? for menu, Esc to quit)
Your wand of heal wounds (0) glows for a moment and now has 2 charges.
The trapdoor spider bites you!
* * * LOW HITPOINT WARNING * * *
The trapdoor spider bites you!
You die...

#############
**
#...........#
,
#[..........#
,
#...........#
#.....s.....#,
,
#....@.)....#
,
#............
, ,
#....[......#
#...........#
,
#...........#
,
#...........#
,
#...........#
**
######.######
* .#


You could see a trapdoor spider.

Vanquished Creatures
  A spriggan (D:10)
  A fire bat (shapeshifter) (D:9)
  4 yaks (D:9)
  Grum (D:9)
  2 wolves (D:9)
  An ice beast (D:7)
  A sky beast (D:9)
  An ogre (D:10)
  A black bear (D:8)
  A giant frog (D:10)
  A gnoll sergeant (D:5)
  A scorpion (D:9)
  3 wights (D:7)
  2 crimson imps
  A centaur skeleton (D:10)
  2 worker ants
  A giant frog zombie (D:8)
  A hound (D:7)
  A hound skeleton (D:6)
  9 gnolls
  An adder (D:2)
  A worm (D:2)
  3 giant geckos
  2 bats (D:2)
  2 giant cockroaches (D:2)
  2 hobgoblins (D:2)
  4 jackals (D:7)
  2 kobolds
  A ball python (D:2)
  A jackal skeleton (D:7)
  A rat (D:2)
56 creatures vanquished.

Notes
Turn   | Place    | Note
--------------------------------------------------------------
     0 | D:1      | 4thArraOfDagon the Deep Dwarf Berserker began the quest for the Orb.
     0 | D:1      | Reached XP level 1. HP: 20/20 MP: 1/1
    82 | D:2      | Found a shattered altar of Ashenzari.
    85 | D:2      | Reached XP level 2. HP: 27/27 MP: 2/2
   177 | D:2      | Reached skill level 1 in Evocations
   178 | D:2      | Reached skill level 4 in Axes
   178 | D:2      | Reached XP level 3. HP: 18/33 MP: 3/3
   181 | D:2      | HP: 1/49 [gnoll/flail (8)]
   308 | D:5      | Entered Level 5 of the Dungeon
   388 | D:5      | Noticed a gnoll sergeant
   396 | D:5      | Reached XP level 4. HP: 42/42 MP: 5/5
   401 | D:5      | Killed a gnoll sergeant
   401 | D:5      | Reached skill level 5 in Axes
   401 | D:5      | Reached XP level 5. HP: 32/49 MP: 5/7
   406 | D:5      | Reached ** piety under Trog
   648 | D:7      | Reached XP level 6. HP: 56/56 MP: 8/8
   747 | D:7      | Found Plog's Magic Scroll Emporium.
   749 | D:7      | Noticed an ice beast
   755 | D:7      | Killed an ice beast
   755 | D:7      | Reached skill level 6 in Axes
   764 | D:7      | Bought a scroll of blinking for 82 gold pieces
   814 | D:8      | Reached XP level 7. HP: 64/64 MP: 8/10
   881 | D:9      | Noticed Grum
   892 | D:9      | Killed Grum
   892 | D:9      | Reached skill level 7 in Axes
   892 | D:9      | Reached skill level 5 in Evocations
   892 | D:9      | Reached XP level 8. HP: 59/73 MP: 11/11
   929 | D:9      | Noticed a yak
   930 | D:9      | Noticed a yak
   931 | D:9      | Noticed a yak
   931 | D:9      | Noticed a yak
   936 | D:9      | Killed a yak
   936 | D:9      | Reached skill level 5 in Armour
   938 | D:9      | Killed a yak
   939 | D:9      | Killed a yak
   939 | D:9      | Reached skill level 5 in Fighting
   939 | D:9      | Reached skill level 8 in Axes
   942 | D:9      | Killed a yak
   997 | D:9      | Noticed a two-headed ogre
   999 | D:9      | a two-headed ogre changed into a fire bat
  1020 | D:9      | Noticed emiel's ghost (novice MiGl)
  1099 | D:10     | Entered Level 10 of the Dungeon
  1133 | D:10     | Reached skill level 9 in Axes
  1133 | D:10     | Gained mutation: You passively map the area around you. [Deep Dwarf growth]
  1133 | D:10     | Reached XP level 9. HP: 29/81 MP: 13/13
  1251 | D:10     | Slain by a trapdoor spider

Vault maps used:
D:1:      nicolae_arrival_washed_ashore, corexii_hall_statues_t,
          minmay_misc_feat_more_columns, corexii_item_surrounded_by_moat
D:2:      overflow_temple_1_default
D:3:      vehumet_crystals
D:4:      lemuel_doored_altar, first_bread
D:5:      nicolae_dithmenos_through_a_glass_darkly, marbit_many_paths
D:6:      uniq_menkaure
D:7:      lemuel_temple_firewalk, serial_shops, nicolae_shop_trees
D:8:      old_standard_altar, kennysheep_mini_moat, uniq_erica
D:9:      kennysheep_orc_monster_closet_entryway, uniq_grum
D:10:     the_bakery, moated_statue

Action                   |  1- 3 |  4- 6 |  7- 9 || total
-------------------------+-------+-------+-------++-------
Melee: Hand axe          |    35 |    59 |    63 ||   157
Invok: Berserk           |     3 |     3 |     4 ||    10
       Trog's Hand       |       |     2 |     6 ||     8
 Abil: Device Recharging |       |       |     1 ||     1
Evoke: Wand              |     3 |     1 |     3 ||     7
  Use: Scroll            |     2 |     2 |     1 ||     5
  Eat: Chunk             |       |     5 |     8 ||    13
